 Dungeon Crawl Stone Soup version 0.18.1-48-g4cf74bf (webtiles) character file.

18 MistressOfTheDunes the Insei (level 2, 0/24 HPs)
             Began as a Mummy Monk on June 25, 2016.
             Slain by a hobgoblin
             ... wielding a +0 club
              (2 damage)
             ... on level 1 of the Dungeon.
             The game lasted 00:00:37 (782 turns).

MistressOfTheDunes the Insei (Mummy Monk)            Turns: 782, Time: 00:00:37

Health: 0/24       AC:  0    Str: 14    XL:     2   Next: 51%
Magic:  2/2        EV: 13    Int:  9    God:
Gold:   20         SH:  0    Dex: 14    Spells: 0 memorised, 1 level left

rFire  x . .     SeeInvis .       - Unarmed
rCold  + . .     Gourm    .     (no armour)
rNeg   + + +     Faith    .     (no shield)
rPois  ∞         Spirit   .     (no helmet)
rElec  .         Dismiss  .     (no cloak)
rCorr  .         Reflect  .     (no gloves)
SustAt .         Harm     .     (no boots)
MR     .....                    (no amulet)
Stlth  ++........               (no ring)
                                (no ring)

@: not resistant to hostile enchantments, unstealthy
A: no food or potions, fire vulnerability, cold resistance 1, negative energy
resistance 3, torment resistance, unbreathing
a: no special abilities


You were on level 1 of the Dungeon.
You were not hungry.

You visited 1 branch of the dungeon, and saw 1 of its levels.

You collected 20 gold pieces.


Innate Abilities, Weirdness & Mutations

You do not eat or drink.
Your flesh is vulnerable to fire.
You are immune to poison.
Your flesh is cold resistant.
You are immune to negative energy.
You are immune to unholy pain and torment.
You can survive without breathing.


   Skills:
 - Level 3.0 Fighting
 - Level 2.4 Dodging
 - Level 1.5 Stealth
 + Level 3.9 Unarmed Combat


You had one spell level left.
You didn't know any spells.

Inventory:

Scrolls
 a - a scroll of magic mapping {unknown}
 b - a scroll of identify {unknown}
 c - a scroll of teleportation {unknown}
 d - a scroll of remove curse {unknown}
 e - a scroll of blinking {unknown}

Dungeon Overview and Level Annotations

Branches:
Dungeon (1/15)

Altars:

..... ▒.>▒ ▒.... ....▒▒▒ ▒..▒
▒.... ......▒ ▒▒▒▒.(▒ ▒....
......▒ ▒.....▒ ▒.... .▒....▒
▒▒▒▒▒▒▒▒..!..▒▒▒▒▒.... .....▒
.............▒........
....▒▒▒▒▒▒▒▒▒▒▒▒▒▒▒.....▒▒▒▒▒....
....).........▒▒▒▒▒.....▒..).....
....▒▒▒▒▒▒▒▒▒..gM.......▒.▒▒▒▒▒▒▒
....▒ ▒▒▒▒▒▒▒.....▒.▒ ....▒
▒......▒.▒ ▒▒▒▒▒ ▒.▒.▒..▒.▒▒▒▒▒▒▒
▒.▒.▒........... ▒.▒.▒.▒▒.▒▒▒▒▒▒▒
▒.▒.▒.▒......... ▒.▒.▒.▒..▒▒▒▒▒▒▒
▒.▒.▒.▒..▒


You could see a hobgoblin.


Message History

You are too injured to fight recklessly!!!
You are too injured to fight recklessly!!!
You are too injured to fight recklessly!!!
You are too injured to fight recklessly!!!
You are too injured to fight recklessly!!!
You are too injured to fight recklessly!!!
You are too injured to fight recklessly!!!
You are too injured to fight recklessly!!!
You are too injured to fight recklessly!!!
You are too injured to fight recklessly!!!
You are too injured to fight recklessly!!!
You are too injured to fight recklessly!!!
You are too injured to fight recklessly!!!
You are too injured to fight recklessly!!!
You squash the rat like an ant!
You annihilate the rat!!!
You completely miss the hobgoblin!
The hobgoblin hits you with a club! * * * don't die
* * * You squash the hobgoblin like an ant!
The hobgoblin is lightly wounded!
The hobgoblin hits you with a club!!! * * * don't die
* * * You beat the hobgoblin but do no damage!
The hobgoblin is lightly wounded!
The hobgoblin closely misses you!
You beat the hobgoblin into a bloody pulp!
The hobgoblin is heavily wounded!
The hobgoblin hits you but does no damage!
The hobgoblin hits you with a club! rip

Action                   || total
-------------------------++-------
Melee: Unarmed           ||    52
 Stab: Sleeping          ||     2
Dodge: Dodged            ||    47

Vault maps used:
D:1:      dpeg_arrival_rooms_c

Notes
Turn   | Place    | Note
--------------------------------------------------------------
     0 | D:1      | MistressOfTheDunes the Mummy Monk began the quest for the Orb.
     0 | D:1      | Reached XP level 1. HP: 18/18 MP: 1/1
   365 | D:1      | Reached XP level 2. HP: 13/24 MP: 2/2
   767 | D:1      | HP: 1/24 [hobgoblin/club (8)]
   782 | D:1      | Slain by a hobgoblin

Vanquished Creatures
  A dart slug (D:1)
  A giant gecko (D:1)
  3 bats (D:1)
  A goblin (D:1)
  3 hobgoblins (D:1)
  3 ball pythons (D:1)
  3 rats (D:1)
15 creatures vanquished.
